AoeStats
← Boni_5

Arena

509203753Analyzed
2v2 RM · 7d ago on Sep 25, 2026· 47m 35s· 4 players
Game mode
Random Map
Map size
Medium (4 player)
Population
200
Speed
Normal
Resources
Standard
Victory
Conquest
Starting age
Dark Age
Ending age
Imperial Age
RankedLock teamsTeams togetherTeam positionsShared explorationLock speedFull tech treeHidden civsTurbo modeCheats
Victory
Defeat
🇪🇸 Spanish · Spain
971
+16
🇨🇱 Celts · Chile
963
+16
🇺🇸 Danes · United States
964
-16
🇺🇸 Saxons · United States
956
-16
Kevatafl
10:21 Feudal Age
19:16 Castle Age
16:59 Horse Collar
17:08 Double-Bit Axe
17:16 Gold Mining
21:42 Gold Shaft Mining
21:33 Bow Saw
21:27 Heavy Plow
21:20 Fletching
22:23 Scale Mail Armor
24:09 Chain Mail Armor
24:22 Loom
24:23 Man-at-Arms
25:20 Town Watch
27:02 Wheelbarrow
27:45 Forging
27:44 Squires
28:30 Long Swordsman
28:55 Gambesons
30:04 Arson
31:07 Iron Casting
32:03 Bodkin Arrow
32:10 Herbal Medicine
33:41 Thumb Ring
34:00 Hand Cart
35:10 Clerical Recruitment
40:59 Imperial Age
42:00 Onager
43:35 Plate Mail Armor
46:30 Stone Mining
Dirty F150
10:15 Feudal Age
10:34 Loom
10:47 Double-Bit Axe
11:54 Horse Collar
16:19 Castle Age
15:24 Loom
17:19 Elite Skirmisher
19:35 Fletching
25:03 Arson
27:15 Forging
27:46 Bodkin Arrow
29:11 Wheelbarrow
28:46 Scale Mail Armor
29:52 Ballistics
32:35 Imperial Age
30:26 Padded Archer Armor
31:52 Town Watch
32:58 Chain Mail Armor
33:57 Bracer
38:02 Leather Archer Armor
39:43 Conscription
42:46 Plate Mail Armor
42:47 Ring Archer Armor
42:53 Iron Casting
44:25 Squires
44:11 Gambesons
44:36 Elite Varangian Guard
45:38 Heavy Plow
Boni_5
8:50 Loom
12:27 Feudal Age
12:51 Horse Collar
13:25 Double-Bit Axe
14:35 Town Watch
14:49 Stone Mining
14:51 Gold Mining
21:52 Castle Age
20:45 Bloodlines
21:02 Forging
23:07 Bow Saw
23:00 Heavy Plow
23:44 Wheelbarrow
25:00 Husbandry
25:28 Scale Barding Armor
32:13 Imperial Age
30:29 Chain Barding Armor
30:49 Iron Casting
33:27 Conscription
32:49 Light Cavalry
37:42 Chemistry
37:04 Ballistics
38:17 Two-Man Saw
37:11 Cavalier
38:58 Blast Furnace
38:34 Plate Barding Armor
41:42 Hussar
43:34 Hand Cart
KaneGB
2:18 Loom
9:56 Feudal Age
17:59 Castle Age
17:43 Scale Mail Armor
25:58 Light Cavalry
29:22 Horse Collar
29:30 Double-Bit Axe
29:38 Stone Mining
29:41 Gold Mining
34:54 Imperial Age
32:45 Bow Saw
33:47 Forging
33:53 Chain Mail Armor
34:02 Ballistics
34:57 Heavy Scorpion
37:52 Wheelbarrow
37:32 Fortified Wall
39:31 Iron Casting
40:20 Onager
43:46 Furor Celtica
43:25 Town Watch
43:56 Hand Cart
45:33 Pikeman
46:32 Halberdier
47:44 Plate Mail Armor
48:15 Blast Furnace
Connection lost

Rejoining the realm…

Still unreachable

The connection could not be restored.

Session expired

The server has moved on; the page needs a fresh start.